WCHLSIM.com - West Coast Hockey League
html PUBLIC "-//W3C//DTD XHTML 1.0 Transitional//EN" "http://www.w3.org/TR/xhtml1/DTD/xhtml1-transitional.dtd"> WCHL - Game 912 - KELOWNA ROCKETS vs LOS ANGELES SEALS

KELOWNA ROCKETS vs LOS ANGELES SEALS

Created - 27 février 2024 at 19:26

Goals
1 2 3 T
KELOWNA ROCKETS 2 3 0 5
LOS ANGELES SEALS 1 1 2 4
Shots
1 2 3 T
KELOWNA ROCKETS 12 13 5 30
LOS ANGELES SEALS 15 7 11 33

1st period

1. KELOWNA ROCKETS , Auston Matthews 32 (Valeri Nichushkin 28) at 7:05
2. KELOWNA ROCKETS , Valeri Nichushkin 16 (Auston Matthews 36) at 10:10
3. LOS ANGELES SEALS , Brent Burns 8 (Claude Giroux 34, Nikita Kucherov 32) at 18:45

Penalties :
Tomas Nosek (KEL) for Slashing (Minor) at 3:13, Matthew Boldy (LOS) for Hooking (Minor) at 12:10, Valeri Nichushkin (KEL) for Hooking (Minor) at 12:10

2nd period

4. KELOWNA ROCKETS , Pavel Buchnevich 16 (Valeri Nichushkin 29, Auston Matthews 37) at 1:31
5. KELOWNA ROCKETS , Calle Jarnkrok 10 (Pavel Dorofeyev 6, Tomas Nosek 12) at 4:04
6. KELOWNA ROCKETS , Adam Fox 11 (Pavel Dorofeyev 7, Calle Jarnkrok 13) at 9:08
7. LOS ANGELES SEALS , Steven Stamkos 24 (Brent Burns 33, Drew Doughty 26) at 16:56

Penalties :
Anthony DeAngelo (KEL) for Cross-checking (Minor) at 6:01

3rd period

8. LOS ANGELES SEALS , Brent Burns 9 (Nikita Kucherov 33, Noah Dobson 18) at 16:28 (PP)
9. LOS ANGELES SEALS , Matthew Boldy 14 (Mikael Backlund 20, Noah Cates 7) at 16:59

Penalties :
Lukas Sedlak (KEL) for Slashing (Minor) at 14:47

Goalie Stats

Antti Raanta (KEL), 29 saves from 33 shots - (0,879), W, 8-6-2, 60:00 minutes
Joonas Korpisalo (LOS), 11 saves from 12 shots - (0,917), L, 4-6-0, 35:12 minutes
Marc-Andre Fleury (LOS), 14 saves from 18 shots - (0,778), 24:04 minutes

Players Stats for KELOWNA ROCKETS

Player Name              G  A  P  +/- PIM S  H  SB GA TA FO     MP     PP MP  PK MP  
------------------------------------------------------------------------------------
Adam Fox                 1  0  1   2  0   1  0  4  0  0  0/0    24:12   0:00   3:07 
Anthony DeAngelo         0  0  0   0  2   1  0  0  0  0  0/0    19:10   0:00   1:05 
Auston Matthews          1  2  3   3  0   6  0  0  0  0  15/25  21:10   0:00   1:39 
Calle Jarnkrok           1  1  2   1  0   2  2  0  0  0  0/0    13:00   0:00   0:38 
Derek Ryan               0  0  0   0  0   0  0  0  0  0  0/0     5:34   0:00   0:00 
Dmitri Orlov             0  0  0   2  0   1  3  0  0  0  0/0    24:09   0:00   3:04 
Erik Brannstrom          0  0  0   0  0   1  0  0  0  0  0/0    15:46   0:00   0:36 
J.T. Compher             0  0  0  -2  0   3  0  0  0  0  10/31  21:22   0:00   3:36 
Kyle Burroughs           0  0  0   0  0   0  0  0  0  0  0/0    16:27   0:00   1:17 
Lukas Sedlak             0  0  0   0  2   0  0  0  0  0  0/0     5:33   0:00   0:00 
Mark Giordano            0  0  0   0  0   0  1  6  0  0  0/0    20:15   0:00   2:09 
Noah Gregor              0  0  0   0  0   0  0  0  0  0  2/4     5:34   0:00   0:00 
Pavel Buchnevich         1  0  1   3  0   4  0  1  0  0  0/1    19:56   0:00   0:31 
Pavel Dorofeyev          0  2  2   1  0   1  0  0  0  0  0/0    11:53   0:00   0:00 
Tomas Nosek              0  1  1   1  2   1  1  0  0  0  7/19   11:52   0:00   0:00 
Tyler Bertuzzi           0  0  0  -2  0   2  2  0  0  0  0/0    15:46   0:00   0:00 
Valeri Nichushkin        1  2  3   3  2   2  0  1  0  0  0/3    22:18   0:00   4:02 
Vladimir Tarasenko       0  0  0  -2  0   5  2  0  0  0  1/3    18:21   0:00   0:52 

Players Stats for LOS ANGELES SEALS

Player Name              G  A  P  +/- PIM S  H  SB GA TA FO     MP     PP MP  PK MP  
------------------------------------------------------------------------------------
Alex Goligoski           0  0  0  -1  0   0  0  0  0  0  0/0    13:19   0:00   0:00 
Brandon Carlo            0  0  0  -1  0   0  0  1  0  0  0/0    13:19   0:00   0:00 
Brent Burns              2  1  3   0  0   3  1  1  0  0  0/0    24:13   2:39   0:00 
Claude Giroux            0  1  1   0  0   2  1  0  0  0  2/4    23:32   3:00   0:00 
David Krejci             0  0  0   0  0   1  2  0  0  0  18/28  20:06   0:00   0:00 
Drew Doughty             0  1  1   0  0   2  1  1  0  0  0/0    24:08   3:00   0:00 
Gustav Forsling          0  0  0  -1  0   0  2  1  0  0  0/0    22:28   3:00   0:00 
Jake Evans               0  0  0   0  0   0  0  0  0  0  0/0     3:52   0:00   0:00 
Mason McTavish           0  0  0   0  0   0  1  0  0  0  4/7     6:52   3:00   0:00 
Matthew Boldy            1  0  1  -1  2   3  1  0  0  0  1/3    15:37   2:39   0:00 
Mikael Backlund          0  1  1  -1  0   2  1  0  0  0  9/16   12:59   0:00   0:00 
Nikita Kucherov          0  2  2   0  0   6  0  0  0  0  0/0    23:08   2:39   0:00 
Noah Cates               0  1  1  -1  0   4  1  0  0  0  0/0    12:59   0:00   0:00 
Noah Dobson              0  1  1  -1  0   2  3  1  0  0  0/0    22:33   2:39   0:00 
Ondrej Palat             0  0  0  -1  0   0  0  0  0  0  1/1    16:00   0:00   0:00 
Owen Tippett             0  0  0  -1  0   4  1  0  0  0  0/0    19:00   3:00   0:00 
Philip Tomasino          0  0  0   0  0   0  0  0  0  0  0/0     3:52   0:00   0:00 
Steven Stamkos           1  0  1  -1  0   4  0  0  0  0  16/27  20:03   2:39   0:00 

3 Stars

1 - Auston Matthews (KEL)
2 - Brent Burns (LOS)
3 - Valeri Nichushkin (KEL)

Power Play

KELOWNA ROCKETS - 0 on 0 Attempt(s) - 0,00%
LOS ANGELES SEALS - 1 on 3 Attempt(s) - 33,33%

Penalty Kill

KELOWNA ROCKETS - 2 on 3 Attempt(s) - 66,67% - Score 0 goal in Penalty Kill
LOS ANGELES SEALS - 0 on 0 Attempt(s) - 0,00% - Score 0 goal in Penalty Kill

Team Stat

KELOWNA ROCKETS - Hits : 11 - Faceoff Wins : 35 - Blocked Shots : 12 - Penalty Minutes : 8
LOS ANGELES SEALS - Hits : 15 - Faceoff Wins : 51 - Blocked Shots : 5 - Penalty Minutes : 2

Official

Referees : Andrew Howard and Dan O'Halloran
Linesman : Robb Harrell and Neil Campbell

Game Notes

Joonas Korpisalo enters game at 4:04 of 2nd period

Finance

Level 1 -- Attendance: 6000 (100,00%) -- Ticket Income 900 000 $
Level 2 -- Attendance: 5000 (100,00%) -- Ticket Income 495 000 $
Level 3 -- Attendance: 2000 (100,00%) -- Ticket Income 168 000 $
Level 4 -- Attendance: 3455 (86,38%) -- Ticket Income 276 400 $
Luxury Box -- Attendance: 1000 (100,00%) -- Ticket Income 300 000 $
Total Attendance: 17455 (96,97%)
Total Ticket Income: 2 139 400 $
Other Expense: 21 394 $
Total Income: 2 118 006 $

KELOWNA ROCKETS

5 vs 5 Forward 
   Center                   Left Wing                Right Wing               Time % Phy DF OF 
 1 Auston Matthews          Pavel Buchnevich         Valeri Nichushkin        36     0   2  3  
 2 J.T. Compher             Tyler Bertuzzi           Vladimir Tarasenko       36     0   2  3  
 3 Tomas Nosek              Calle Jarnkrok           Pavel Dorofeyev          28     0   4  1  
 4 Noah Gregor              Lukas Sedlak             Derek Ryan               0      0   3  2  

5 vs 5 Defense 
   Defense                  Defense                                           Time % Phy DF OF 
 1 Adam Fox                 Dmitri Orlov                                      37     0   4  1  
 2 Mark Giordano            Anthony DeAngelo                                  35     0   4  1  
 3 Erik Brannstrom          Kyle Burroughs                                    28     0   4  1  
 4 Dmitri Orlov             Mark Giordano                                     0      0   3  2  

PowerPlay Forward 
   Center                   Left Wing                Right Wing               Time % Phy DF OF 
 1 Auston Matthews          Pavel Buchnevich         Vladimir Tarasenko       65     0   0  5  
 2 J.T. Compher             Calle Jarnkrok           Valeri Nichushkin        35     0   0  5  

PowerPlay Defense
   Defense                  Defense                                           Time % Phy DF OF 
 1 Anthony DeAngelo         Dmitri Orlov                                      65     0   1  4  
 2 Adam Fox                 Erik Brannstrom                                   35     0   1  4  

Penalty Kill 4 Players Forward 
   Center                   Wing                     Time % Phy DF OF 
 1 J.T. Compher             Valeri Nichushkin        65     0   5  0  
 2 Auston Matthews          Pavel Buchnevich         35     0   5  0  

Penalty Kill 4 Players Defense
   Defense                  Defense                  Time % Phy DF OF 
 1 Adam Fox                 Mark Giordano            55     0   5  0  
 2 Dmitri Orlov             Anthony DeAngelo         45     0   5  0  

Penalty Kill - 3 Players Forward 
   Forward                                           Time % Phy DF OF 
 1 J.T. Compher                                      50     0   5  0  
 2 Auston Matthews                                   50     0   5  0  

Penalty Kill - 3 Players Defense
   Defense                  Defense                  Time % Phy DF OF 
 1 Adam Fox                 Mark Giordano            55     0   5  0  
 2 Dmitri Orlov             Anthony DeAngelo         45     0   5  0  

4 vs 4 Forward 
   Center                   Wing                     Time % Phy DF OF 
 1 Auston Matthews          Vladimir Tarasenko       55     0   1  4  
 2 J.T. Compher             Pavel Buchnevich         45     0   1  4  

4 vs 4 Defense
   Defense                  Defense                  Time % Phy DF OF 
 1 Adam Fox                 Dmitri Orlov             55     0   2  3  
 2 Mark Giordano            Anthony DeAngelo         45     0   2  3  

Last Minutes Offensive
   Center                   Left Wing                Right Wing               Defense                  Defense                  
   Auston Matthews          Pavel Buchnevich         Valeri Nichushkin        Adam Fox                 Dmitri Orlov             

Last Minutes Defensive
   Center                   Left Wing                Right Wing               Defense                  Defense                  
   Auston Matthews          J.T. Compher             Valeri Nichushkin        Adam Fox                 Dmitri Orlov             

Goaltenders
Starting : Antti Raanta             
Backup : Pavel Francouz           

Extra Forwards
Normal : Auston Matthews, Pavel Buchnevich, Vladimir Tarasenko - PP : Pavel Dorofeyev, Calle Jarnkrok - PK : Vladimir Tarasenko
Extra Defensemen
Normal : Anthony DeAngelo, Dmitri Orlov, Mark Giordano - PP : Mark Giordano - PK : Kyle Burroughs, Erik Brannstrom
Penalty Shots
Auston Matthews, Vladimir Tarasenko, Pavel Buchnevich, Valeri Nichushkin, J.T. Compher
Custom OT Lines Forwards
Auston Matthews, Pavel Buchnevich, J.T. Compher, Valeri Nichushkin, Calle Jarnkrok, Vladimir Tarasenko, Tomas Nosek, Tyler Bertuzzi, Derek Ryan, Pavel Dorofeyev
Custom OT Lines Defensemen
Adam Fox, Mark Giordano, Dmitri Orlov, Anthony DeAngelo, Kyle Burroughs

Scratches
Parker Kelly (Healthy), Alex Stalock (Broken Bone (Right Leg) Injury)

LOS ANGELES SEALS

5 vs 5 Forward 
   Center                   Left Wing                Right Wing               Time % Phy DF OF 
 1 David Krejci             Claude Giroux            Nikita Kucherov          36     1   1  3  
 2 Steven Stamkos           Ondrej Palat             Owen Tippett             31     0   2  3  
 3 Mikael Backlund          Noah Cates               Matthew Boldy            26     1   2  2  
 4 Mason McTavish           Philip Tomasino          Jake Evans               7      1   2  2  

5 vs 5 Defense 
   Defense                  Defense                                           Time % Phy DF OF 
 1 Drew Doughty             Brent Burns                                       33     1   2  2  
 2 Noah Dobson              Gustav Forsling                                   33     1   2  2  
 3 Brandon Carlo            Alex Goligoski                                    24     1   3  1  
 4 Drew Doughty             Brent Burns                                       10     1   2  2  

PowerPlay Forward 
   Center                   Left Wing                Right Wing               Time % Phy DF OF 
 1 Steven Stamkos           Matthew Boldy            Nikita Kucherov          55     0   1  4  
 2 Claude Giroux            Mason McTavish           Owen Tippett             45     0   1  4  

PowerPlay Defense
   Defense                  Defense                                           Time % Phy DF OF 
 1 Noah Dobson              Brent Burns                                       55     0   2  3  
 2 Gustav Forsling          Drew Doughty                                      45     0   2  3  

Penalty Kill 4 Players Forward 
   Center                   Wing                     Time % Phy DF OF 
 1 Mikael Backlund          Ondrej Palat             55     0   5  0  
 2 David Krejci             Noah Cates               45     0   5  0  

Penalty Kill 4 Players Defense
   Defense                  Defense                  Time % Phy DF OF 
 1 Brandon Carlo            Gustav Forsling          55     0   5  0  
 2 Brent Burns              Noah Dobson              45     0   5  0  

Penalty Kill - 3 Players Forward 
   Forward                                           Time % Phy DF OF 
 1 Mikael Backlund                                   55     0   5  0  
 2 David Krejci                                      45     0   5  0  

Penalty Kill - 3 Players Defense
   Defense                  Defense                  Time % Phy DF OF 
 1 Noah Dobson              Gustav Forsling          55     0   5  0  
 2 Brent Burns              Brandon Carlo            45     0   5  0  

4 vs 4 Forward 
   Center                   Wing                     Time % Phy DF OF 
 1 Steven Stamkos           Claude Giroux            55     1   2  2  
 2 David Krejci             Nikita Kucherov          45     1   2  2  

4 vs 4 Defense
   Defense                  Defense                  Time % Phy DF OF 
 1 Noah Dobson              Brent Burns              55     1   2  2  
 2 Drew Doughty             Gustav Forsling          45     1   2  2  

Last Minutes Offensive
   Center                   Left Wing                Right Wing               Defense                  Defense                  
   Claude Giroux            Steven Stamkos           Nikita Kucherov          Noah Dobson              Brent Burns              

Last Minutes Defensive
   Center                   Left Wing                Right Wing               Defense                  Defense                  
   Claude Giroux            Ondrej Palat             Nikita Kucherov          Drew Doughty             Brent Burns              

Goaltenders
Starting : Marc-Andre Fleury        
Backup : Joonas Korpisalo         

Extra Forwards
Normal : Matthew Boldy, Owen Tippett, Noah Cates - PP : Matthew Boldy, Owen Tippett - PK : Noah Cates
Extra Defensemen
Normal : Drew Doughty, Brent Burns, Noah Dobson - PP : Drew Doughty - PK : Brent Burns, Noah Dobson
Penalty Shots
Nikita Kucherov, Claude Giroux, David Krejci, Steven Stamkos, Matthew Boldy
Custom OT Lines Forwards
Nikita Kucherov, Claude Giroux, David Krejci, Mikael Backlund, Ondrej Palat, Jake Evans, Steven Stamkos, Matthew Boldy, Owen Tippett, Noah Cates
Custom OT Lines Defensemen
Brandon Carlo, Gustav Forsling, Noah Dobson, Brent Burns, Drew Doughty

Scratches
Nick Bonino (Sprained Right Ankle Injury)

% Time on Ice - KELOWNA ROCKETS

Lines # - Real PCT - Wanted PCT - Time Play
Normal Forward
1 - 36% - 36% - 18:17
2 - 31% - 36% - 15:46
3 - 23% - 28% - 11:53
4 - 11% - 0% - 5:34
Normal Defense
1 - 38% - 37% - 19:34
2 - 33% - 35% - 16:46
3 - 29% - 28% - 15:10
4 - 0% - 0% - 0:00
PP Forward
1 - 0% - 65%
2 - 0% - 35%
PP Defense
1 - 0% - 65%
2 - 0% - 35%
PK Forward
1 - 91% - 65% - 5:08
2 - 9% - 35% - 0:31
PK Defense
1 - 46% - 55% - 2:35
2 - 54% - 45% - 3:04
PK3 Forward
1 - 0% - 50%
2 - 0% - 50%
PK3 Defense
1 - 0% - 55%
2 - 0% - 45%
44 Forward
1 - 43% - 55% - 0:51
2 - 57% - 45% - 1:08
44 Defense
1 - 57% - 55% - 1:08
2 - 43% - 45% - 0:51
Last Minute Offensive  - 0:00
Last Minute Defensive  - 0:52
Total
Forward - 60:00
Defense - 60:00

% Time on Ice - LOS ANGELES SEALS

Lines # - Real PCT - Wanted PCT - Time Play
Normal Forward
1 - 37% - 36% - 19:08
2 - 31% - 31% - 16:00
3 - 25% - 26% - 12:59
4 - 7% - 7% - 3:52
Normal Defense
1 - 32% - 33% - 16:51
2 - 36% - 33% - 18:30
3 - 26% - 24% - 13:19
4 - 6% - 10% - 3:19
PP Forward
1 - 47% - 55% - 2:39
2 - 53% - 45% - 3:00
PP Defense
1 - 47% - 55% - 2:39
2 - 53% - 45% - 3:00
PK Forward
1 - 0% - 55%
2 - 0% - 45%
PK Defense
1 - 0% - 55%
2 - 0% - 45%
PK3 Forward
1 - 0% - 55%
2 - 0% - 45%
PK3 Defense
1 - 0% - 55%
2 - 0% - 45%
44 Forward
1 - 51% - 55% - 1:01
2 - 49% - 45% - 0:58
44 Defense
1 - 51% - 55% - 1:01
2 - 49% - 45% - 0:58
Last Minute Offensive  - 0:23
Last Minute Defensive  - 0:00
Total
Forward - 60:00
Defense - 60:00

Play-by-Play

1st period


0:01 of 1st period - David Krejci wins face-off versus Valeri Nichushkin in neutral zone.
1:11 of 1st period - Tyler Bertuzzi is hit by Claude Giroux and loses puck.
2:39 of 1st period - Shot by Matthew Boldy.
2:39 of 1st period - Stopped by Antti Raanta without a rebound.
2:40 of 1st period - Tomas Nosek wins face-off versus Mason McTavish in KELOWNA ROCKETS zone.
3:13 of 1st period - Minor Penalty to Tomas Nosek for Slashing.
3:14 of 1st period - Steven Stamkos wins face-off versus Auston Matthews in KELOWNA ROCKETS zone.
3:15 of 1st period - Shot by Nikita Kucherov.
3:15 of 1st period - Shot Misses the Net.
3:17 of 1st period - Shot by Brent Burns.
3:17 of 1st period - Shot Misses the Net.
3:19 of 1st period - Shot by Brent Burns.
3:19 of 1st period - Shot Hit the Post.
3:21 of 1st period - Shot by Brent Burns.
3:21 of 1st period - Shot Blocked by Adam Fox.
3:23 of 1st period - Shot by Noah Dobson.
3:23 of 1st period - Shot Misses the Net.
4:01 of 1st period - Shot by Nikita Kucherov.
4:01 of 1st period - Shot Misses the Net.
4:03 of 1st period - Shot by Matthew Boldy.
4:03 of 1st period - Shot Blocked by Adam Fox.
5:36 of 1st period - Shot by Matthew Boldy.
5:36 of 1st period - Stopped by Antti Raanta with a rebound.
6:06 of 1st period - Icing by Gustav Forsling.
6:07 of 1st period - Tomas Nosek wins face-off versus Mason McTavish in LOS ANGELES SEALS zone.
6:12 of 1st period - Shot by Calle Jarnkrok.
6:12 of 1st period - Stopped by Marc-Andre Fleury without a rebound.
6:13 of 1st period - Steven Stamkos wins face-off versus Tomas Nosek in LOS ANGELES SEALS zone.
6:13 of 1st period - Steven Stamkos is hit by Calle Jarnkrok.
7:05 of 1st period - Shot by Auston Matthews.
7:05 of 1st period - Goal by Auston Matthews - KELOWNA ROCKETS : 1 - LOS ANGELES SEALS : 0.
7:06 of 1st period - Auston Matthews wins face-off versus David Krejci in neutral zone.
7:11 of 1st period - Shot by Auston Matthews.
7:11 of 1st period - Stopped by Marc-Andre Fleury without a rebound.
7:12 of 1st period - Auston Matthews wins face-off versus David Krejci in LOS ANGELES SEALS zone.
7:46 of 1st period - Icing by Dmitri Orlov.
7:47 of 1st period - Mikael Backlund wins face-off versus Auston Matthews in KELOWNA ROCKETS zone.
7:48 of 1st period - Shot by Noah Cates.
7:48 of 1st period - Stopped by Antti Raanta without a rebound.
7:49 of 1st period - Matthew Boldy wins face-off versus J.T. Compher in KELOWNA ROCKETS zone.
8:00 of 1st period - Shot by Brent Burns.
8:00 of 1st period - Stopped by Antti Raanta without a rebound.
8:01 of 1st period - David Krejci wins face-off versus Auston Matthews in KELOWNA ROCKETS zone.
8:18 of 1st period - Shot by Nikita Kucherov.
8:18 of 1st period - Stopped by Antti Raanta without a rebound.
8:19 of 1st period - Steven Stamkos wins face-off versus J.T. Compher in KELOWNA ROCKETS zone.
8:28 of 1st period - Shot by Owen Tippett.
8:28 of 1st period - Stopped by Antti Raanta with a rebound.
8:36 of 1st period - Shot by J.T. Compher.
8:36 of 1st period - Shot Misses the Net.
8:38 of 1st period - Shot by J.T. Compher.
8:38 of 1st period - Deflect By Vladimir Tarasenko.
8:38 of 1st period - Stopped by Marc-Andre Fleury without a rebound.
8:39 of 1st period - Auston Matthews wins face-off versus Mikael Backlund in LOS ANGELES SEALS zone.
8:46 of 1st period - Shot by Auston Matthews.
8:46 of 1st period - Stopped by Marc-Andre Fleury without a rebound.
8:47 of 1st period - Tomas Nosek wins face-off versus David Krejci in LOS ANGELES SEALS zone.
9:18 of 1st period - Shot by David Krejci.
9:18 of 1st period - Shot Misses the Net.
9:20 of 1st period - Shot by Drew Doughty.
9:20 of 1st period - Shot Misses the Net.
9:22 of 1st period - Shot by Nikita Kucherov.
9:22 of 1st period - Stopped by Antti Raanta without a rebound.
9:23 of 1st period - Mikael Backlund wins face-off versus Auston Matthews in KELOWNA ROCKETS zone.
9:26 of 1st period - Shot by Noah Cates.
9:26 of 1st period - Stopped by Antti Raanta with a rebound.
9:35 of 1st period - Shot by Auston Matthews.
9:35 of 1st period - Stopped by Marc-Andre Fleury without a rebound.
9:36 of 1st period - Steven Stamkos wins face-off versus Vladimir Tarasenko in LOS ANGELES SEALS zone.
9:36 of 1st period - Owen Tippett is hit by Tyler Bertuzzi.
10:04 of 1st period - Shot by Vladimir Tarasenko.
10:04 of 1st period - Stopped by Marc-Andre Fleury with a rebound.
10:06 of 1st period - Shot by Vladimir Tarasenko.
10:06 of 1st period - Shot Misses the Net.
10:08 of 1st period - Shot by Erik Brannstrom.
10:08 of 1st period - Stopped by Marc-Andre Fleury without a rebound.
10:09 of 1st period - Auston Matthews wins face-off versus Mikael Backlund in LOS ANGELES SEALS zone.
10:10 of 1st period - Shot by Valeri Nichushkin.
10:10 of 1st period - Goal by Valeri Nichushkin - KELOWNA ROCKETS : 2 - LOS ANGELES SEALS : 0.
10:11 of 1st period - Auston Matthews wins face-off versus Mikael Backlund in neutral zone.
10:14 of 1st period - Shot by Auston Matthews.
10:14 of 1st period - Shot Misses the Net.
10:31 of 1st period - Shot by Mikael Backlund.
10:31 of 1st period - Stopped by Antti Raanta without a rebound.
10:32 of 1st period - David Krejci wins face-off versus J.T. Compher in KELOWNA ROCKETS zone.
10:33 of 1st period - Shot by Nikita Kucherov.
10:33 of 1st period - Stopped by Antti Raanta without a rebound.
10:34 of 1st period - David Krejci wins face-off versus Valeri Nichushkin in KELOWNA ROCKETS zone.
10:43 of 1st period - Shot by Claude Giroux.
10:43 of 1st period - Stopped by Antti Raanta without a rebound.
10:44 of 1st period - David Krejci wins face-off versus Tomas Nosek in KELOWNA ROCKETS zone.
10:50 of 1st period - Claude Giroux is hit by Dmitri Orlov and loses puck.
11:47 of 1st period - Adam Fox is hit by Noah Dobson and loses puck.
11:51 of 1st period - Icing by Gustav Forsling.
11:52 of 1st period - Vladimir Tarasenko wins face-off versus Steven Stamkos in LOS ANGELES SEALS zone.
11:57 of 1st period - Shot by Vladimir Tarasenko.
11:57 of 1st period - Shot Misses the Net.
11:59 of 1st period - Shot by Vladimir Tarasenko.
11:59 of 1st period - Stopped by Marc-Andre Fleury without a rebound.
12:00 of 1st period - Mikael Backlund wins face-off versus Auston Matthews in LOS ANGELES SEALS zone.
12:05 of 1st period - Shot by Mikael Backlund.
12:05 of 1st period - Shot Misses the Net.
12:10 of 1st period - Minor Penalty to Matthew Boldy for Hooking.
12:10 of 1st period - Minor Penalty to Valeri Nichushkin for Hooking.
12:11 of 1st period - Auston Matthews wins face-off versus Steven Stamkos in neutral zone.
12:30 of 1st period - Shot by Auston Matthews.
12:30 of 1st period - Shot Blocked by Brent Burns.
13:01 of 1st period - Off-side.
13:02 of 1st period - David Krejci wins face-off versus J.T. Compher in neutral zone.
13:05 of 1st period - Shot by David Krejci.
13:05 of 1st period - Stopped by Antti Raanta without a rebound.
13:06 of 1st period - J.T. Compher wins face-off versus David Krejci in KELOWNA ROCKETS zone.
14:30 of 1st period - Shot by Pavel Dorofeyev.
14:30 of 1st period - Stopped by Marc-Andre Fleury without a rebound.
14:31 of 1st period - Noah Gregor wins face-off versus Steven Stamkos in LOS ANGELES SEALS zone.
15:46 of 1st period - Shot by Nikita Kucherov.
15:46 of 1st period - Stopped by Antti Raanta without a rebound.
15:47 of 1st period - J.T. Compher wins face-off versus Mikael Backlund in KELOWNA ROCKETS zone.
15:55 of 1st period - Icing by J.T. Compher.
15:56 of 1st period - David Krejci wins face-off versus J.T. Compher in KELOWNA ROCKETS zone.
16:59 of 1st period - Shot by Pavel Buchnevich.
16:59 of 1st period - Stopped by Marc-Andre Fleury without a rebound.
17:00 of 1st period - Tomas Nosek wins face-off versus Mikael Backlund in LOS ANGELES SEALS zone.
17:00 of 1st period - Erik Brannstrom is hit by Gustav Forsling.
17:20 of 1st period - Shot by Calle Jarnkrok.
17:20 of 1st period - Shot Blocked by Gustav Forsling.
17:38 of 1st period - Shot by Matthew Boldy.
17:38 of 1st period - Shot Misses the Net.
17:40 of 1st period - Shot by Noah Cates.
17:40 of 1st period - Stopped by Antti Raanta without a rebound.
17:41 of 1st period - Steven Stamkos wins face-off versus Valeri Nichushkin in KELOWNA ROCKETS zone.
17:52 of 1st period - Shot by Steven Stamkos.
17:52 of 1st period - Shot Misses the Net.
18:13 of 1st period - Off-side.
18:14 of 1st period - J.T. Compher wins face-off versus David Krejci in neutral zone.
18:19 of 1st period - Shot by J.T. Compher.
18:19 of 1st period - Shot Misses the Net.
18:29 of 1st period - Shot by Nikita Kucherov.
18:29 of 1st period - Shot Blocked by Adam Fox.
18:43 of 1st period - Shot by Claude Giroux.
18:43 of 1st period - Shot Misses the Net.
18:45 of 1st period - Shot by Brent Burns.
18:45 of 1st period - Goal by Brent Burns - KELOWNA ROCKETS : 2 - LOS ANGELES SEALS : 1.
18:46 of 1st period - Mikael Backlund wins face-off versus Auston Matthews in neutral zone.
19:40 of 1st period - Gustav Forsling is hit by Vladimir Tarasenko and loses puck.
Goals for this period are 2 for KELOWNA ROCKETS vs 1 for LOS ANGELES SEALS.
Shots for this period are 12 for KELOWNA ROCKETS vs 15 for LOS ANGELES SEALS.

2nd period


0:01 of 2nd period - Steven Stamkos wins face-off versus Auston Matthews in neutral zone.
0:03 of 2nd period - Brent Burns is hit by Dmitri Orlov and loses puck.
0:16 of 2nd period - Shot by Auston Matthews.
0:16 of 2nd period - Stopped by Marc-Andre Fleury without a rebound.
0:17 of 2nd period - J.T. Compher wins face-off versus David Krejci in LOS ANGELES SEALS zone.
0:31 of 2nd period - Shot by J.T. Compher.
0:31 of 2nd period - Stopped by Marc-Andre Fleury with a rebound.
1:31 of 2nd period - Shot by Pavel Buchnevich.
1:31 of 2nd period - Goal by Pavel Buchnevich - KELOWNA ROCKETS : 3 - LOS ANGELES SEALS : 1.
1:32 of 2nd period - Steven Stamkos wins face-off versus Tomas Nosek in neutral zone.
1:53 of 2nd period - Shot by Steven Stamkos.
1:53 of 2nd period - Stopped by Antti Raanta without a rebound.
1:54 of 2nd period - Auston Matthews wins face-off versus Matthew Boldy in KELOWNA ROCKETS zone.
2:18 of 2nd period - Icing by Gustav Forsling.
2:19 of 2nd period - Mikael Backlund wins face-off versus J.T. Compher in LOS ANGELES SEALS zone.
2:19 of 2nd period - Mikael Backlund is hit by Vladimir Tarasenko.
2:24 of 2nd period - Icing by Noah Dobson.
2:25 of 2nd period - J.T. Compher wins face-off versus Mikael Backlund in LOS ANGELES SEALS zone.
2:31 of 2nd period - Icing by Gustav Forsling.
2:32 of 2nd period - Auston Matthews wins face-off versus Mikael Backlund in LOS ANGELES SEALS zone.
3:40 of 2nd period - Shot by Tyler Bertuzzi.
3:40 of 2nd period - Stopped by Marc-Andre Fleury with a rebound.
3:42 of 2nd period - Shot by Vladimir Tarasenko.
3:42 of 2nd period - Stopped by Marc-Andre Fleury without a rebound.
3:43 of 2nd period - Tomas Nosek wins face-off versus Steven Stamkos in LOS ANGELES SEALS zone.
3:43 of 2nd period - Calle Jarnkrok is hit by Brent Burns and loses puck.
3:48 of 2nd period - Shot by Calle Jarnkrok.
3:48 of 2nd period - Shot Misses the Net.
4:04 of 2nd period - Shot by Calle Jarnkrok.
4:04 of 2nd period - Goal by Calle Jarnkrok - KELOWNA ROCKETS : 4 - LOS ANGELES SEALS : 1.
4:04 of 2nd period - Joonas Korpisalo enters game.
4:05 of 2nd period - David Krejci wins face-off versus J.T. Compher in neutral zone.
4:40 of 2nd period - Shot by J.T. Compher.
4:40 of 2nd period - Stopped by Joonas Korpisalo without a rebound.
4:41 of 2nd period - Auston Matthews wins face-off versus Steven Stamkos in LOS ANGELES SEALS zone.
4:41 of 2nd period - Auston Matthews is hit by Drew Doughty.
5:51 of 2nd period - Shot by Dmitri Orlov.
5:51 of 2nd period - Stopped by Joonas Korpisalo without a rebound.
5:52 of 2nd period - David Krejci wins face-off versus J.T. Compher in LOS ANGELES SEALS zone.
5:57 of 2nd period - Shot by David Krejci.
5:57 of 2nd period - Deflect By Nikita Kucherov.
5:57 of 2nd period - Stopped by Antti Raanta with a rebound.
5:59 of 2nd period - Shot by Claude Giroux.
5:59 of 2nd period - Shot Misses the Net.
6:01 of 2nd period - Shot by Nikita Kucherov.
6:01 of 2nd period - Stopped by Antti Raanta without a rebound.
6:01 of 2nd period - Minor Penalty to Anthony DeAngelo for Cross-checking.
6:02 of 2nd period - J.T. Compher wins face-off versus Matthew Boldy in KELOWNA ROCKETS zone.
6:17 of 2nd period - Valeri Nichushkin is hit by Matthew Boldy.
7:05 of 2nd period - Shot by Owen Tippett.
7:05 of 2nd period - Stopped by Antti Raanta without a rebound.
7:06 of 2nd period - J.T. Compher wins face-off versus Claude Giroux in KELOWNA ROCKETS zone.
7:23 of 2nd period - Shot by Owen Tippett.
7:23 of 2nd period - Shot Misses the Net.
8:11 of 2nd period - Shot by Matthew Boldy.
8:11 of 2nd period - Shot Blocked by Mark Giordano.
8:25 of 2nd period - Shot by Mikael Backlund.
8:25 of 2nd period - Deflect By Matthew Boldy.
8:25 of 2nd period - Shot Blocked by Mark Giordano.
9:06 of 2nd period - Shot by Pavel Dorofeyev.
9:06 of 2nd period - Shot Hit the Post.
9:08 of 2nd period - Shot by Adam Fox.
9:08 of 2nd period - Goal by Adam Fox - KELOWNA ROCKETS : 5 - LOS ANGELES SEALS : 1.
9:09 of 2nd period - David Krejci wins face-off versus J.T. Compher in neutral zone.
9:22 of 2nd period - Icing by J.T. Compher.
9:23 of 2nd period - J.T. Compher wins face-off versus Mason McTavish in KELOWNA ROCKETS zone.
9:23 of 2nd period - Vladimir Tarasenko is hit by Mason McTavish and loses puck.
9:48 of 2nd period - Shot by Mason McTavish.
9:48 of 2nd period - Shot Misses the Net.
9:59 of 2nd period - Icing by J.T. Compher.
10:00 of 2nd period - David Krejci wins face-off versus J.T. Compher in KELOWNA ROCKETS zone.
10:48 of 2nd period - Shot by Valeri Nichushkin.
10:48 of 2nd period - Shot Blocked by Noah Dobson.
10:55 of 2nd period - Shot by Auston Matthews.
10:55 of 2nd period - Stopped by Joonas Korpisalo with a rebound.
10:57 of 2nd period - Shot by Pavel Buchnevich.
10:57 of 2nd period - Stopped by Joonas Korpisalo without a rebound.
10:58 of 2nd period - Tomas Nosek wins face-off versus Steven Stamkos in LOS ANGELES SEALS zone.
10:59 of 2nd period - Shot by Anthony DeAngelo.
10:59 of 2nd period - Stopped by Joonas Korpisalo without a rebound.
11:00 of 2nd period - Steven Stamkos wins face-off versus Tomas Nosek in LOS ANGELES SEALS zone.
11:29 of 2nd period - Off-side.
11:30 of 2nd period - Mason McTavish wins face-off versus J.T. Compher in neutral zone.
12:31 of 2nd period - Icing by Mason McTavish.
12:32 of 2nd period - Mason McTavish wins face-off versus Tomas Nosek in LOS ANGELES SEALS zone.
12:32 of 2nd period - Mason McTavish is hit by Tomas Nosek.
12:55 of 2nd period - Shot by Owen Tippett.
12:55 of 2nd period - Shot Misses the Net.
12:57 of 2nd period - Shot by Drew Doughty.
12:57 of 2nd period - Shot Misses the Net.
12:59 of 2nd period - Shot by Steven Stamkos.
12:59 of 2nd period - Stopped by Antti Raanta without a rebound.
13:00 of 2nd period - David Krejci wins face-off versus Auston Matthews in KELOWNA ROCKETS zone.
13:46 of 2nd period - Shot by Nikita Kucherov.
13:46 of 2nd period - Shot Blocked by Mark Giordano.
13:48 of 2nd period - Shot by Noah Dobson.
13:48 of 2nd period - Shot Misses the Net.
14:10 of 2nd period - Steven Stamkos is hit by Mark Giordano and loses puck.
15:13 of 2nd period - Off-side.
15:14 of 2nd period - David Krejci wins face-off versus Tomas Nosek in neutral zone.
15:14 of 2nd period - David Krejci is hit by Calle Jarnkrok.
15:38 of 2nd period - Shot by Nikita Kucherov.
15:38 of 2nd period - Shot Misses the Net.
15:58 of 2nd period - Icing by Erik Brannstrom.
15:59 of 2nd period - Steven Stamkos wins face-off versus Tomas Nosek in KELOWNA ROCKETS zone.
16:03 of 2nd period - Icing by Erik Brannstrom.
16:04 of 2nd period - Tomas Nosek wins face-off versus Steven Stamkos in KELOWNA ROCKETS zone.
16:19 of 2nd period - Icing by Drew Doughty.
16:20 of 2nd period - Ondrej Palat wins face-off versus J.T. Compher in LOS ANGELES SEALS zone.
16:48 of 2nd period - Shot by Ondrej Palat.
16:48 of 2nd period - Shot Misses the Net.
16:50 of 2nd period - Shot by Drew Doughty.
16:50 of 2nd period - Shot Blocked by Adam Fox.
16:56 of 2nd period - Shot by Steven Stamkos.
16:56 of 2nd period - Goal by Steven Stamkos - KELOWNA ROCKETS : 5 - LOS ANGELES SEALS : 2.
16:57 of 2nd period - Auston Matthews wins face-off versus David Krejci in neutral zone.
16:59 of 2nd period - Valeri Nichushkin is hit by David Krejci and loses puck.
17:22 of 2nd period - Shot by David Krejci.
17:22 of 2nd period - Shot Misses the Net.
17:24 of 2nd period - Shot by Claude Giroux.
17:24 of 2nd period - Shot Misses the Net.
17:44 of 2nd period - Shot by David Krejci.
17:44 of 2nd period - Shot Blocked by Mark Giordano.
18:08 of 2nd period - Shot by Matthew Boldy.
18:08 of 2nd period - Shot Misses the Net.
18:10 of 2nd period - Shot by Matthew Boldy.
18:10 of 2nd period - Shot Misses the Net.
18:12 of 2nd period - Shot by Mikael Backlund.
18:12 of 2nd period - Stopped by Antti Raanta with a rebound.
19:04 of 2nd period - Shot by J.T. Compher.
19:04 of 2nd period - Stopped by Joonas Korpisalo without a rebound.
19:05 of 2nd period - Mason McTavish wins face-off versus Tomas Nosek in LOS ANGELES SEALS zone.
19:10 of 2nd period - Shot by Jake Evans.
19:10 of 2nd period - Shot Misses the Net.
Goals for this period are 3 for KELOWNA ROCKETS vs 1 for LOS ANGELES SEALS.
Shots for this period are 13 for KELOWNA ROCKETS vs 7 for LOS ANGELES SEALS.

3rd period


0:01 of 3rd period - David Krejci wins face-off versus J.T. Compher in neutral zone.
0:10 of 3rd period - Shot by Claude Giroux.
0:10 of 3rd period - Stopped by Antti Raanta without a rebound.
0:11 of 3rd period - Auston Matthews wins face-off versus Steven Stamkos in KELOWNA ROCKETS zone.
0:40 of 3rd period - Shot by Pavel Buchnevich.
0:40 of 3rd period - Shot Blocked by Drew Doughty.
0:48 of 3rd period - Shot by Owen Tippett.
0:48 of 3rd period - Shot Misses the Net.
1:24 of 3rd period - Shot by Nikita Kucherov.
1:24 of 3rd period - Shot Misses the Net.
1:41 of 3rd period - Tyler Bertuzzi is hit by Noah Dobson and loses puck.
2:27 of 3rd period - Shot by Pavel Dorofeyev.
2:27 of 3rd period - Shot Misses the Net.
2:29 of 3rd period - Shot by Tomas Nosek.
2:29 of 3rd period - Stopped by Joonas Korpisalo without a rebound.
2:30 of 3rd period - Mikael Backlund wins face-off versus Noah Gregor in LOS ANGELES SEALS zone.
4:01 of 3rd period - Icing by Adam Fox.
4:02 of 3rd period - Steven Stamkos wins face-off versus Tomas Nosek in KELOWNA ROCKETS zone.
7:00 of 3rd period - Icing by Noah Dobson.
7:01 of 3rd period - David Krejci wins face-off versus J.T. Compher in LOS ANGELES SEALS zone.
7:22 of 3rd period - Shot by Vladimir Tarasenko.
7:22 of 3rd period - Shot Misses the Net.
7:24 of 3rd period - Shot by Erik Brannstrom.
7:24 of 3rd period - Deflect By J.T. Compher.
7:24 of 3rd period - Shot Misses the Net.
7:26 of 3rd period - Shot by Tyler Bertuzzi.
7:26 of 3rd period - Stopped by Joonas Korpisalo without a rebound.
7:27 of 3rd period - Mason McTavish wins face-off versus Auston Matthews in LOS ANGELES SEALS zone.
7:49 of 3rd period - Shot by Pavel Buchnevich.
7:49 of 3rd period - Stopped by Joonas Korpisalo without a rebound.
7:50 of 3rd period - Steven Stamkos wins face-off versus J.T. Compher in LOS ANGELES SEALS zone.
7:50 of 3rd period - Steven Stamkos is hit by Tyler Bertuzzi.
8:06 of 3rd period - Shot by Owen Tippett.
8:06 of 3rd period - Deflect By Steven Stamkos.
8:06 of 3rd period - Stopped by Antti Raanta without a rebound.
8:07 of 3rd period - Mikael Backlund wins face-off versus Auston Matthews in KELOWNA ROCKETS zone.
8:30 of 3rd period - Valeri Nichushkin is hit by Mikael Backlund and loses puck.
8:47 of 3rd period - Shot by Matthew Boldy.
8:47 of 3rd period - Shot Misses the Net.
8:51 of 3rd period - Shot by Mikael Backlund.
8:51 of 3rd period - Shot Misses the Net.
8:53 of 3rd period - Shot by Drew Doughty.
8:53 of 3rd period - Stopped by Antti Raanta without a rebound.
8:54 of 3rd period - J.T. Compher wins face-off versus Steven Stamkos in KELOWNA ROCKETS zone.
9:27 of 3rd period - Shot by Owen Tippett.
9:27 of 3rd period - Stopped by Antti Raanta without a rebound.
9:28 of 3rd period - David Krejci wins face-off versus Tomas Nosek in KELOWNA ROCKETS zone.
9:44 of 3rd period - Mark Giordano is hit by Noah Dobson and loses puck.
9:48 of 3rd period - Icing by Noah Dobson.
9:49 of 3rd period - Auston Matthews wins face-off versus David Krejci in LOS ANGELES SEALS zone.
10:12 of 3rd period - Pavel Buchnevich is hit by Gustav Forsling and loses puck.
10:17 of 3rd period - Shot by Valeri Nichushkin.
10:17 of 3rd period - Stopped by Joonas Korpisalo without a rebound.
10:18 of 3rd period - Steven Stamkos wins face-off versus J.T. Compher in LOS ANGELES SEALS zone.
10:29 of 3rd period - Shot by Owen Tippett.
10:29 of 3rd period - Stopped by Antti Raanta with a rebound.
11:32 of 3rd period - Shot by Noah Cates.
11:32 of 3rd period - Stopped by Antti Raanta without a rebound.
11:33 of 3rd period - Auston Matthews wins face-off versus David Krejci in KELOWNA ROCKETS zone.
12:20 of 3rd period - Icing by Erik Brannstrom.
12:21 of 3rd period - Mikael Backlund wins face-off versus Pavel Buchnevich in KELOWNA ROCKETS zone.
12:34 of 3rd period - Shot by Noah Cates.
12:34 of 3rd period - Shot Misses the Net.
12:38 of 3rd period - Shot by Noah Cates.
12:38 of 3rd period - Shot Blocked by Pavel Buchnevich.
12:40 of 3rd period - Shot by Mikael Backlund.
12:40 of 3rd period - Shot Misses the Net.
13:01 of 3rd period - Off-side.
13:02 of 3rd period - Steven Stamkos wins face-off versus Tomas Nosek in neutral zone.
13:05 of 3rd period - Tomas Nosek is hit by Owen Tippett and loses puck.
13:26 of 3rd period - Shot by Calle Jarnkrok.
13:26 of 3rd period - Shot Blocked by Brandon Carlo.
13:45 of 3rd period - Icing by Alex Goligoski.
13:46 of 3rd period - Steven Stamkos wins face-off versus J.T. Compher in LOS ANGELES SEALS zone.
13:59 of 3rd period - Shot by Vladimir Tarasenko.
13:59 of 3rd period - Stopped by Joonas Korpisalo with a rebound.
14:04 of 3rd period - Off-side.
14:05 of 3rd period - David Krejci wins face-off versus Noah Gregor in neutral zone.
14:10 of 3rd period - Shot by Nikita Kucherov.
14:10 of 3rd period - Shot Misses the Net.
14:12 of 3rd period - Shot by Drew Doughty.
14:12 of 3rd period - Shot Misses the Net.
14:47 of 3rd period - Minor Penalty to Lukas Sedlak for Slashing.
14:48 of 3rd period - Steven Stamkos wins face-off versus J.T. Compher in KELOWNA ROCKETS zone.
14:57 of 3rd period - Shot by Noah Dobson.
14:57 of 3rd period - Stopped by Antti Raanta without a rebound.
14:58 of 3rd period - Claude Giroux wins face-off versus J.T. Compher in KELOWNA ROCKETS zone.
16:02 of 3rd period - Icing by Noah Dobson.
16:03 of 3rd period - Steven Stamkos wins face-off versus J.T. Compher in LOS ANGELES SEALS zone.
16:20 of 3rd period - Shot by Noah Dobson.
16:20 of 3rd period - Shot Misses the Net.
16:26 of 3rd period - Shot by Nikita Kucherov.
16:26 of 3rd period - Shot Blocked by Valeri Nichushkin.
16:28 of 3rd period - Shot by Brent Burns.
16:28 of 3rd period - Goal by Brent Burns - KELOWNA ROCKETS : 5 - LOS ANGELES SEALS : 3.
16:29 of 3rd period - Mikael Backlund wins face-off versus Tomas Nosek in neutral zone.
16:39 of 3rd period - Pavel Dorofeyev is hit by Noah Cates.
16:59 of 3rd period - Shot by Matthew Boldy.
16:59 of 3rd period - Goal by Matthew Boldy - KELOWNA ROCKETS : 5 - LOS ANGELES SEALS : 4.
17:00 of 3rd period - Noah Gregor wins face-off versus Steven Stamkos in neutral zone.
17:11 of 3rd period - Shot by Ondrej Palat.
17:11 of 3rd period - Shot Misses the Net.
17:13 of 3rd period - Shot by Noah Dobson.
17:13 of 3rd period - Stopped by Antti Raanta without a rebound.
17:14 of 3rd period - Auston Matthews wins face-off versus David Krejci in KELOWNA ROCKETS zone.
17:14 of 3rd period - Auston Matthews is hit by David Krejci.
17:41 of 3rd period - Icing by Auston Matthews.
17:42 of 3rd period - Auston Matthews wins face-off versus Steven Stamkos in KELOWNA ROCKETS zone.
17:48 of 3rd period - Steven Stamkos is hit by Dmitri Orlov and loses puck.
18:56 of 3rd period - Icing by Brent Burns.
18:57 of 3rd period - J.T. Compher wins face-off versus Claude Giroux in LOS ANGELES SEALS zone.
19:07 of 3rd period - Icing by Drew Doughty.
19:08 of 3rd period - David Krejci wins face-off versus Vladimir Tarasenko in LOS ANGELES SEALS zone.
19:16 of 3rd period - LOS ANGELES SEALS, Joonas Korpisalo is pulled from the net.
19:30 of 3rd period - Shot by Nikita Kucherov.
19:30 of 3rd period - Shot Misses the Net.
19:32 of 3rd period - Shot by Brent Burns.
19:32 of 3rd period - Shot Blocked by Mark Giordano.
19:34 of 3rd period - Shot by Claude Giroux.
19:34 of 3rd period - Shot Blocked by Mark Giordano.
19:36 of 3rd period - Shot by Drew Doughty.
19:36 of 3rd period - Stopped by Antti Raanta without a rebound.
19:37 of 3rd period - Claude Giroux wins face-off versus J.T. Compher in KELOWNA ROCKETS zone.
Goals for this period are 0 for KELOWNA ROCKETS vs 2 for LOS ANGELES SEALS.
Shots for this period are 5 for KELOWNA ROCKETS vs 11 for LOS ANGELES SEALS.


BLAKE
WHEELER
STEVEN
STAMKOS
DREW
DOUGHTY

EAST COAST

HOCKEY LEAGUE

  • 63.RHI2PIT5
  • 64.WOR4ATL3
  • 65.QUECHW
  • 66.CHATRV